 Dungeon Crawl Stone Soup version 0.18.1-8-gdd0e5ea (webtiles) character file.

96 BoredAlt the Covered (level 4, -2/28 HPs)
             Began as a Gargoyle Fighter on June 8, 2016.
             Slain by Quirk's ghost (6 damage)
             ... on level 3 of the Dungeon.
             The game lasted 00:11:57 (1773 turns).

BoredAlt the Covered (Gargoyle Fighter)             Turns: 1773, Time: 00:11:57

Health: -2/28      AC: 10    Str: 20      XL:     4   Next: 67%
Magic:  4/4        EV:  7    Int:  7 (9)  God:
Gold:   74         SH:  8    Dex:  7 (9)  Spells: 0 memorised, 3 levels left

rFire  . . .     SeeInvis .     a - +0 war axe
rCold  . . .     Gourm    .     b - +0 scale mail
rNeg   + . .     Faith    .     c - +0 shield
rPois  ∞         Spirit   .     (no helmet)
rElec  +         Dismiss  .     (no cloak)
rCorr  .         Reflect  .     (no gloves)
SustAt .         Harm     .     (no boots)
MR     .....                    (no amulet)
Stlth  ..........               (no ring)
                                (no ring)

@: very slightly contaminated, hasted, drained, very quick, not resistant to
hostile enchantments, extremely unstealthy
A: negative energy resistance 1, electricity resistance, unbreathing,
petrification resistance, rot immunity, AC +3
a: no special abilities


You were on level 3 of the Dungeon.
You were hungry.

You visited 1 branch of the dungeon, and saw 3 of its levels.

You collected 74 gold pieces.

Inventory:

Hand Weapons
 a - a +0 war axe (weapon)
Armour
 b - a +0 scale mail (worn)
 c - a +0 shield (worn)
Jewellery
 n - an uncursed amulet of harm
Scrolls
 e - 2 scrolls of remove curse
 i - a scroll of enchant armour {unknown}
 j - 3 scrolls of immolation {unknown}
 o - 3 scrolls of identify {unknown}
 r - 2 scrolls of amnesia {unknown}
Potions
 h - 2 potions of flight {unknown}
 l - a potion of magic {unknown}
 m - a potion of ambrosia {unknown}
 p - 2 potions of curing {unknown}
Comestibles
 d - 2 chunks of flesh
 f - 3 bread rations
 g - 3 beef jerkies
 q - a meat ration
 s - a fruit


   Skills:
 - Level 3.2(2.4) Fighting
 * Level 3.8(2.9) Axes
 + Level 4.0(3.1) Armour
 - Level 3.2(2.4) Shields


You had 3 spell levels left.
You didn't know any spells.

Dungeon Overview and Level Annotations

Branches:
Dungeon (3/15)

Altars:
Xom

Annotations:
D:3 Quirk's ghost, amateur MiFi


Innate Abilities, Weirdness & Mutations

You are resistant to torment.
Your stone body is resilient (AC +3).
You are immune to poison.
You resist negative energy.
You are resistant to electric shocks.
You can survive without breathing.
You are immune to petrification.
You are immune to rotting.


Message History

You block Quirk's ghost's attack.
Your shield and scale mail prevent you from hitting Quirk's ghost.
Quirk's ghost is almost destroyed.
Quirk's ghost barely misses you.
You hit Quirk's ghost but do no damage.
Quirk's ghost is almost destroyed.
You block Quirk's ghost's attack.
You hit Quirk's ghost.
Quirk's ghost is almost destroyed.
You block Quirk's ghost's attack.
You are feeling hungry.
You barely miss Quirk's ghost.
Quirk's ghost is almost destroyed.
Quirk's ghost hits you!
* * * LOW HITPOINT WARNING * * *
You are too injured to fight recklessly!
Your scale mail prevents you from hitting Quirk's ghost.
Quirk's ghost is almost destroyed.
Quirk's ghost hits you.
You die...

..........######.#
.#.....##...##.#
##...###......# #.###.##
#...#### ###.###.##
##.## #[.......# #.#
####........# #.#
..###.####.## #.#
#.###.###.#.###@#
##..##.##.###.)W.#
....##.###.#.###.####.##
.#......##..........<...
#...............#####.##
##.##...##.#.##.....
#####.###.#.####### #.#
..... #.......##


You could see Quirk's ghost.

Vanquished Creatures
  Robin (D:2)
  A gnoll (D:1)
  2 adders (D:2)
  An ooze (D:1)
  2 worms (D:2)
  A dart slug (D:1)
  An orc (D:3)
  5 bats
  3 giant cockroaches
  8 goblins (D:2)
  9 hobgoblins
  A quokka (D:2)
  2 giant newts
  4 kobolds
  4 rats (D:2)
45 creatures vanquished.

Notes
Turn   | Place    | Note
--------------------------------------------------------------
     0 | D:1      | BoredAlt the Gargoyle Fighter began the quest for the Orb.
     0 | D:1      | Reached XP level 1. HP: 14/14 MP: 1/1
   101 | D:1      | Reached XP level 2. HP: 8/19 MP: 2/2
   600 | D:1      | Reached XP level 3. HP: 23/23 MP: 3/3
  1113 | D:2      | Noticed Robin
  1131 | D:2      | Reached skill level 4 in Armour
  1131 | D:2      | Reached XP level 4. HP: 28/28 MP: 4/4
  1168 | D:2      | Killed Robin
  1462 | D:2      | Found a shimmering altar of Xom.
  1463 | D:2      | Found a shimmering altar of Xom.
  1526 | D:2      | Found a shimmering altar of Xom.
  1526 | D:2      | Found a shimmering altar of Xom.
  1750 | D:3      | Noticed Quirk's ghost (amateur MiFi)
  1773 | D:3      | Slain by Quirk's ghost

Skill      XL: |  1  2  3 |
---------------+----------+-----
Axes           | 2 3 |  3.8
Armour         | 4 |  4.0
Fighting       | |  3.2
Shields        | |  3.2

Action                   |  1- 3 |  4- 6 || total
-------------------------+-------+-------++-------
Melee: War axe           |    84 |    98 ||   182
  Use: Potion            |     2 |     2 ||     4
       Scroll            |     1 |       ||     1
  Eat: Chunk             |     1 |     2 ||     3
Armor: Scale mail        |    56 |    41 ||    97
Dodge: Dodged            |    29 |    41 ||    70
Block: Shield            |    44 |    49 ||    93
